 Dungeon Crawl Stone Soup version 0.20.1-1-g8b1a95d (webtiles) character file.

50 Gatuga the Digger (level 3, 0/19 HPs)
             Began as a Deep Elf Earth Elementalist on July 14, 2017.
             Slain by a jackal (1 damage)
             ... on level 2 of the Dungeon.
             The game lasted 00:24:15 (1328 turns).

Gatuga the Digger (Deep Elf Earth Elementalist)     Turns: 1328, Time: 00:24:15

Health: 0/19       AC:  4    Str:  5    XL:     3   Next: 55%
Magic:  6/10       EV: 12    Int: 20    God:
Gold:   73         SH:  0    Dex: 15    Spells: 8/9 levels left

rFire    . . .     SeeInvis .   f - +0 spear
rCold    . . .     Gourm    .   (no shield)
rNeg     . . .     Faith    .   v - +0 leather armour
rPois    .         Spirit   .   q - +1 hat
rElec    .         Reflect  .   (no cloak)
rCorr    .         Harm     .   (no gloves)
MR       .....                  (no boots)
Stlth    ++........             (no amulet)
Regen    0.1/turn               (no ring)
MPRegen  0.2/turn               (no ring)

@: very slightly contaminated
A: no striking features
a: no special abilities


You were on level 2 of the Dungeon.
You were not hungry.

You visited 1 branch of the dungeon, and saw 2 of its levels.

You collected 73 gold pieces.

Inventory:

Hand Weapons
 f - a +0 spear (weapon)
 h - a +0 hand axe
 k - a +0 dagger
 s - a +0 hunting sling of freezing
 t - a +0 short sword
Missiles
 b - 5 stones (quivered)
 l - 7 needles of paralysis
 n - 29 bolts
 o - 21 sling bullets
 u - 3 needles of sleeping
Armour
 c - a +0 robe
 q - a +1 hat (worn)
 v - a +0 leather armour (worn)
Scrolls
 i - a scroll of fog
 m - a scroll of teleportation
Potions
 j - a potion of heal wounds {unknown}
 p - a potion of berserk rage {unknown}
 r - a potion of curing {unknown}
Books
 e - a book of Geomancy

   Spells                             Type                      Level
   a - Sandblast                      Earth                        1
   b - Passwall                       Transmutation/Earth          2
   c - Stone Arrow                    Conjuration/Earth            3
   d - Petrify                        Transmutation/Earth          4
   e - Lee's Rapid Deconstruction     Earth                        5
Comestibles
 a - a meat ration
 d - a bread ration
 g - a royal jelly
 w - a chunk of flesh


   Skills:
 + Level 0.1 Fighting
 + Level 0.3 Polearms
 + Level 2.6 Dodging
 + Level 2.5 Stealth
 + Level 3.7 Spellcasting
   Level 1.1 Transmutations
 + Level 4.3 Earth Magic


You had 8 spell levels left.
You knew the following spells:

 Your Spells              Type           Power        Failure   Level  Hunger
a - Sandblast             Erth           ###...       3%          1    None


Dungeon Overview and Level Annotations

Branches:
Dungeon (2/15)

Altars:


Message History

The jackal is almost dead.
You feel sick. The jackal bites you.
* * * LOW HITPOINT WARNING * * *
The jackal closely misses you.
The jackal bites you but does no damage. x2
The jackal barely misses you. x2
The jackal barely misses you. x2
* * * LOW HITPOINT WARNING * * *
You feel sick.
You are no longer poisoned.
Casting: Sandblast
Confirm with . or Enter, or press ? or * to list all spells.
Aiming: Sandblast
Press: ? - help, Shift-Dir - straight line, f/p - jackal
Aim: a jackal The blast of sand hits the jackal.
You kill the jackal!
b - 5 stones The jackal bites you.
You die...

.....................
..########.........# .#
.<#
####.........#####.####
.##
#......................
.#
#......................
.#
#......................
.
#......................
.
#..........h....†......
.
#.........@h...÷.......
.
#...............†......
..####.#.###.##........
.. #.#.....##........
#.####..##........
#<....##........
#..#)###........ ####.#
#........ #.#


You could see 2 jackals.

Vanquished Creatures
  2 adders (D:2)
  A leopard gecko (D:1)
  4 bats
  A giant cockroach (D:1)
  7 hobgoblins (D:1)
  2 jackals (D:2)
  2 frilled lizards (D:2)
  4 goblins
  3 kobolds
  4 rats
30 creatures vanquished.

Notes
Turn   | Place    | Note
-------+----------+-------------------------------------------
     0 | D:1      | Gatuga the Deep Elf Earth Elementalist began the quest for the Orb.
     0 | D:1      | Reached XP level 1. HP: 10/10 MP: 6/6
   326 | D:1      | Reached XP level 2. HP: 10/15 MP: 6/8
   598 | D:1      | Reached skill level 4 in Earth Magic
   967 | D:2      | Reached XP level 3. HP: 11/19 MP: 6/10
  1328 | D:2      | Slain by a jackal

Skill      XL: |  1  2 |
---------------+-------+-----
Earth Magic    | 4 |  4.3
Fighting       | |  0.1
Polearms       | |  0.3
Dodging        | |  2.6
Stealth        | |  2.5
Spellcasting   | |  3.7
Transmutations | |  1.1

Action                   || total
-------------------------++-------
Melee: Spear             ||    58
Throw: Stone             ||     3
 Cast: Sandblast         ||    25
  Use: Scroll            ||     5
 Stab: Sleeping          ||     1
  Eat: Chunk             ||     1
Armor: Robe              ||    11
       Leather armour    ||    10
Dodge: Dodged            ||    74
